 Dungeon Crawl Stone Soup version 0.29-a0-542-g075992c915 (webtiles) character file.

Game seed: 17261426713406020584

72 rocketpapaya the Vexing (level 4, -1/35 HPs)
             Began as a Meteoran Wanderer on June 3, 2022.
             Was an Initiate of Cheibriados.
             Slain by an orc priest
             ... wielding a +0 hand axe
              (8 damage)
             ... on level 3 of the Dungeon.
             The game lasted 00:12:30 (1092 turns).

rocketpapaya the Vexing (Meteoran Wanderer)         Turns: 1092, Time: 00:12:31

Health: -1/35      AC:  2    Str: 17    XL:     4   Next: 77%
Magic:  9/9        EV: 11    Int: 16    God:    Cheibriados [......]
Gold:   73         SH:  0    Dex: 18    Spells: 4/9 levels left

rFire   . . .      SeeInvis .   a - +0 short sword
rCold   . . .      Faith    .   (no shield)
rNeg    . . .      Spirit   .   f - +0 robe
rPois   .          Reflect  .   (no helmet)
rElec   .          Harm     .   (no cloak)
rCorr   .          Rampage  .   (no gloves)
Will    .....                   (no boots)
Stlth   +.........              (no amulet)
HPRegen 0.11/turn               h - +6 ring of dexterity
MPRegen 0.11/turn               (no ring)

@: glowing, very slow
A: sense surroundings 1, otherworldly, glowing, explore regen
a: Renounce Religion


You were on level 3 of the Dungeon.
You worshipped Cheibriados.
Cheibriados was noncommittal.
You visited 1 branch of the dungeon, and saw 4 of its levels.

You collected 73 gold pieces.

Inventory:

Hand Weapons
 a - a +0 short sword (weapon)
Missiles
 k - 5 curare-tipped darts
Armour
 f - a +0 robe (worn)
Jewellery
 h - a +6 ring of dexterity (left hand)
Scrolls
 b - 2 scrolls of teleportation {unknown}
 d - 2 scrolls of identify {unknown}
 e - a scroll of poison {unknown}
 i - a scroll of magic mapping {unknown}
 j - a scroll of blinking {unknown}
Potions
 g - a potion of lignification {unknown}
 l - 2 potions of heal wounds {unknown}
 m - a potion of degeneration {unknown}


   Skills:
 - Level 1.1 Fighting
 - Level 3.0 Short Blades
 - Level 1.2 Throwing
 - Level 1.2 Armour
 - Level 3.0 Spellcasting
 + Level 1.9 Conjurations
 - Level 6.0 Hexes


You had 4 spell levels left.
You knew the following spells:

 Your Spells              Type           Power      Damage    Failure   Level
a - Slow                  Hex            84%        N/A       1%          1
b - Fulminant Prism       Conj/Hex       7%         3d7       36%         4

Your spell library contained the following spells:

 Spells                   Type           Power      Damage    Failure   Level
 Inner Flame              Hex/Fire       12%        N/A       16%         3


Dungeon Overview and Level Annotations

Branches:
Dungeon (4/15)
 Temple: D:4-7

Altars:
Cheibriados
Wu Jian

Annotations:
D:2 Robin


Innate Abilities, Weirdness & Mutations

You passively map a small area around you.
You are easily found by Zot.
You glow in the dark.
You regain HP and MP as you explore.


Message History

The orc hits you with a +0 war axe!
You hit the orc.
The orc is heavily wounded.
You barely miss the orc. You barely miss the orc.
The orc hits you with a +0 short sword.
You hit the orc but do no damage. The orc misses you.
You barely miss the orc. The orc hits you with a +0 short sword.
You hit the orc.
The orc is lightly wounded.
The orc hits you with a +0 short sword.
Press: ? - help, v - describe, . - travel
Here: an orc, wielding a +0 war axe and wearing a +0 leather armour (heavily wounded)
The floor.
You hit the orc.
The orc is moderately wounded.
The orc hits you with a +0 short sword.
Unknown command.
You hit the orc but do no damage.
The orc is moderately wounded.
The orc closely misses you.
You hit the orc.
You kill the orc!
Cheibriados thoroughly appreciates the change of pace.
You hit the orc but do no damage.
The orc is moderately wounded.
The orc hits you but does no damage.
An orc priest comes into view. It is wielding a +0 hand axe.
The orc priest shouts!
The orc wizard shouts!
The orc priest hits you with a +0 hand axe!
* * * LOW HITPOINT WARNING * * *
The orc priest hits you with a +0 hand axe.
* * * LOW HITPOINT WARNING * * *
There is a stone staircase leading up here.
The orc priest miscasts a cantrip.
You climb upwards.
There is a stone staircase leading down here.
You feel better. The orc hits you with a +0 war axe.
* * * LOW HITPOINT WARNING * * *
The orc priest hits you with a +0 hand axe!
You die...

################ * *
...........[.... ,*
########...######### * *
* , #...# #....#* ,, ,*
* #...# #....#** ** *
#...# #....# ,
#####...####o...########
........'..'.@..'......#
........####..o.######.#
####.###........'..# #.#
,, #. #.###....##.###.#
* #.###..##....##.....#
..*,*
#.#.....############# ..
, * #..≈≈≈.############
# * *
#.≈≈≈≈≈##.........# *
#.≈≈.≈≈##.........#


You could see an orc priest and an orc.

Vanquished Creatures
  3 adders
  A dart slug (D:3)
  3 orcs
  4 ball pythons
  5 bats
  2 endoplasms
  2 giant cockroaches (D:1)
  A hobgoblin (D:3)
  2 kobolds
  A quokka (D:2)
  A frilled lizard (D:1)
  9 goblins
  3 rats
37 creatures vanquished.

Notes
Turn   | Place    | Note
-------+----------+-------------------------------------------
     0 | D:1      | rocketpapaya the Meteoran Wanderer began the quest for the
                  | Orb.
     0 | D:1      | rocketpapaya set off with the following items: a +0 short
                  | sword, a +0 ring mail, a potion of curing; and the
                  | following spell memorised: Slow; and the following spells
                  | available to memorise: Inner Flame, Fulminant Prism
     0 | D:1      | Reached XP level 1. HP: 16/16 MP: 3/3
    92 | D:1      | Reached XP level 2. HP: 23/23 MP: 3/5
   392 | D:2      | Reached XP level 3. HP: 25/28 MP: 8/8
   424 | D:2      | Found a faded altar of an unknown god.
   443 | D:2      | Noticed Robin
   562 | D:2      | Prayed at the altar of an unknown god.
   562 | D:2      | Became a worshipper of the Wu Jian Council
   562 | D:2      | Reached * piety under Wu Jian
   706 | D:2      | Reached XP level 4. HP: 35/35 MP: 7/9
   721 | D:2      | Learned a level 4 spell: Fulminant Prism
   839 | D:3      | Found a snail-covered altar of Cheibriados.
   845 | D:3      | Fell from the grace of Wu Jian
   845 | D:3      | Became a worshipper of Cheibriados the Contemplative
   930 | D:3      | Reached skill level 1 in Conjurations
  1089 | D:4      | HP: 1/35 [orc priest/+0 hand axe (5)]
  1092 | D:3      | Slain by an orc priest

Illustrated notes

Levels and vault maps discovered:
D:1:      onia_arrival_mini_maze, layout_basic
D:2:      layout_loops_cross, dreamdust_ecumenical_altar_statues, uniq_jessica,
          uniq_robin
D:3:      layout_basic, kennysheep_slug_shrine, st_stairs_12, fountainhead
D:4:      layout_loops_corners, uniq_menkaure

Skill      XL: |  1  2  3  4 |
---------------+-------------+-----
Spellcasting   | 2 3 |  3.0
Short Blades   | 2 3 |  3.0
Conjurations   | 1 |  1.9
Fighting       | |  1.1
Throwing       | |  1.2
Armour         | |  1.2
Hexes          | |  6.0

Action                   |  1- 3 |  4- 6 || total
-------------------------+-------+-------++-------
Melee: Short sword       |   106 |    39 ||   145
       Punch             |     1 |     1 ||     2
 Cast: Slow              |    10 |     4 ||    14
Invok: Whirlwind         |     5 |       ||     5
       Lunge             |     1 |     2 ||     3
  Use: Potion            |       |     1 ||     1
Armor: Ring mail         |    35 |       ||    35
       Robe              |    22 |     9 ||    31
Dodge: Dodged            |    53 |    23 ||    76

Table legend: (Time is in decaauts)
 A = Elapsed time spent in this place.
 B = Non-inter-level travel time spent in this place.
 C = Inter-level travel time spent in this place.
 D = Time resting spent in this place.
 E = Time spent auto-exploring this place.
 F = Levels seen in this place.
 G = Mean time per level.
                   A        B        C        D        E       F      G
               +--------+--------+--------+--------+--------+-----+--------+
         Total |   1153 |   1048 |    105 |      0 |     90 |   4 |  288.2 |
       Dungeon |   1153 |   1048 |    105 |      0 |     90 |   4 |  288.2 |
               +--------+--------+--------+--------+--------+-----+--------+

Top non-repeatable levels by time:
     D:1: 471 daAuts
     D:3: 388 daAuts
     D:2: 269 daAuts
     D:4: 23 daAuts
